 Dungeon Crawl Stone Soup version 0.26-a0-642-g67e99244d3 (webtiles) character file.

Game seed: 16799856301795142605

7797 PentaManta the Cleaver (level 11, -9/97 HPs)
             Began as a Minotaur Monk on Sept 21, 2020.
             Was an Elder of Nemelex Xobeh.
             Mangled by an earth elemental (21 damage)
             ... on level 10 of the Dungeon.
             The game lasted 00:28:44 (11562 turns).

PentaManta the Cleaver (Minotaur Monk)             Turns: 11562, Time: 00:28:45

Health: -9/97      AC: 19    Str: 19    XL:     11   Next: 1%
Magic:  10/10      EV: 15    Int:  7    God:    Nemelex Xobeh [****..]
Gold:   690        SH:  7    Dex: 17    Spells: 10/10 levels left

rFire    + . .     SeeInvis .   A - +1 war axe
rCold    . . .     Faith    .   z - +0 buckler
rNeg     + . .     Spirit   .   r - +5 scale mail {rN+}
rPois    .         Reflect  .   (helmet restricted)
rElec    .         Harm     .   p - +0 cloak
rCorr    .         Rampage  .   f - +0 pair of gloves
MR       .....                  b - +2 pair of boots {run}
Stlth    +.........             (no amulet)
HPRegen  0.26/turn              i - ring of protection from fire
MPRegen  0.12/turn              j - +6 ring of dexterity

@: quick
A: retaliatory headbutt, horns 2, clumsy 1
a: Draw Escape, Draw Destruction, Draw Summoning, Triple Draw, Deal Four,
Renounce Religion


You were on level 10 of the Dungeon.
You worshipped Nemelex Xobeh.
Nemelex Xobeh was greatly pleased with you.
You visited 2 branches of the dungeon, and saw 12 of its levels.
You also visited: Ossuary.

You collected 690 gold pieces.

Inventory:

Hand Weapons
 a - a +2 dagger of speed
 c - the +4 quarterstaff of the Eternal Void {vorpal, *Contam *Corrode +Blink rF+++}
   (You found it on level 7 of the Dungeon)

   It inflicts extra damage upon your enemies.
   It renders you almost immune to fire.
   It lets you blink.
   It causes magical contamination when unequipped.
   It may corrode you when you take damage.
 A - a +1 war axe (weapon)
 E - a +1 morningstar of protection
 I - a +0 vorpal hand axe
 J - a +1 dagger of venom
 K - a +2 mace of freezing
 N - the +4 shortbow of the Witching Blowfly {vorpal, rF- rN+++ Dex-3 SInv, unknown}
   (You found it on level 10 of the Dungeon)

   Any arrow fired from it inflicts extra damage.
   It affects your dexterity (-3).
   It makes you vulnerable to fire.
   It renders you almost immune to negative energy.
   It lets you see invisible.
 O - a +2 flail of holy wrath
 Q - a +1 dagger of venom
Missiles
 k - 73 poisoned darts (quivered)
 s - a throwing net
Armour
 b - a +2 pair of boots of running (worn)
 f - a +0 pair of gloves (worn)
 p - a +0 cloak (worn)
 r - a +5 scale mail of positive energy (worn)
 t - a scarf of resistance
 y - a +2 tower shield
 z - a +0 buckler (worn)
 R - a +0 plate armour
Jewellery
 i - a ring of protection from fire (left hand)
 j - a +6 ring of dexterity (right hand)
 m - an uncursed ring of protection from fire
Wands
 x - a wand of iceblast (5)
 C - a wand of polymorph (3)
Scrolls
 q - 3 scrolls of remove curse
 v - 4 scrolls of teleportation
 w - 2 scrolls of fog
 B - 7 scrolls of identify
 G - a scroll of random uselessness
 L - 2 scrolls of enchant weapon
 M - a scroll of enchant armour
Potions
 d - 3 potions of haste
 e - 5 potions of lignification
 g - 3 potions of brilliance
 h - 3 potions of mutation
 l - 7 potions of curing {unknown}
 n - a potion of cancellation {unknown}
 o - 2 potions of stabbing {unknown}
 u - 4 potions of heal wounds {unknown}
 F - 2 potions of might {unknown}
 H - a potion of flight {unknown}


   Skills:
 + Level 9.1 Fighting
 + Level 11.1 Axes
 + Level 8.1 Armour
 + Level 8.2 Dodging
 - Level 1.5 Stealth
 * Level 9.8 Shields


You had 10 spell levels left.
You didn't know any spells.
Your spell library was empty.

Dungeon Overview and Level Annotations

Branches:
Dungeon (11/15)            Temple (1/1) D:7            Lair (0/6) D:11
    Orc (0/2) D:10        Ossuary (visited)

Altars:
Ashenzari
Cheibriados
Dithmenos
Elyvilon
Fedhas
Gozag
Hepliaklqana
Kikubaaqudgha
Makhleb
Nemelex Xobeh
Okawaru
Qazlal
Ru
Sif Muna
Trog
Uskayaw
Vehumet
Wu Jian
Xom
Yredelemnul
Zin
The Shining One

Shops:
D:7 =   D:10 =   D:11 *


Innate Abilities, Weirdness & Mutations

You reflexively headbutt those who attack you in melee.
You have a pair of horns on your head.
You are clumsy. (Dex -2)


Message History

Unknown command.
You hit the gargoyle but do no damage.
The gargoyle is severely damaged.
You barely miss the earth elemental.
The gargoyle hurls a stone arrow at you.
The stone arrow hits you!!
You hit the gargoyle but do no damage. Your headbutt misses the gargoyle.
The gargoyle is severely damaged.
You hit the earth elemental but do no damage.
The earth elemental hits you!
The gargoyle hurls a stone arrow at you.
The stone arrow hits you!!
* * * LOW HITPOINT WARNING * * *
Okay, then.
You draw a card...
You have drawn Velocity.
Nothing appears to happen.
The gargoyle barely misses you.
You draw a card...
You have drawn the Tomb.
Nothing appears to happen.
The earth elemental hits you!!
You die...
Your body disappears without a glow.

.....#..'.........#
.....'.##.........#
.....####.....(...#
.....# #.........#
###### ########+##
## #.# .# #.# .# #9#
.###### #@# ......#
#E# ......#
#######'###
......####.........#
........##....<....#
......#.##.........#
......#.##.........#
......#.##......>..#
......#..'>........#


You could see an earth elemental and a gargoyle.

Vanquished Creatures
  A moth of wrath (D:8)
  2 gargoyles (D:10)
  A vampire (D:9)
  A wraith (D:10)
  A yak (D:11)
  A water moccasin (D:10)
  A soldier ant (D:11)
  Duvessa (D:7)
  2 porcupines (D:11)
  7 orc warriors
  3 ice beasts
  A phantom (D:6)
  2 sky beasts (D:9)
  3 black bears
  3 ogres
  A necrophage (D:11)
  3 centaurs
  A crocodile (D:8)
  Blork the orc (D:6)
  4 elf zombies (Ossuary)
  A big kobold (D:8)
  5 bullfrogs
  Dowan (D:7)
  2 scorpions
  15 killer bees
  4 wights (D:8)
  6 howler monkeys
  2 bullfrog zombies
  6 centaur zombies
  3 human zombies (Ossuary)
  5 hounds
  3 jellies
  12 orc wizards
  7 orc priests
  A centaur skeleton (D:8)
  Terence (D:3)
  6 iguanas
  6 worker ants
  A killer bee zombie (D:7)
  A hound zombie (D:6)
  3 hound skeletons
  3 mummies (Ossuary)
  2 worker ant zombies
  4 gnolls (D:5)
  11 adders
  A shadow imp (D:5)
  A white imp (D:5)
  2 oozes
  2 adder skeletons
  An adder zombie (D:7)
  2 worms (D:4)
  8 leopard geckos
  41 orcs
  2 ball pythons
  3 giant cockroaches
  5 goblins
  7 hobgoblins
  4 jackals (D:3)
  4 quokkas
  5 bats
  4 frilled lizards
  8 kobolds
  3 quokka skeletons
  5 rats (D:1)
259 creatures vanquished.

Vanquished Creatures (others)
  A killer bee (D:11)
  An orc wizard (D:5)
  A rat (D:3)
  23 fungi (D:11)
  21 plants (D:11)
47 creatures vanquished.

Grand Total: 306 creatures vanquished

Notes
Turn   | Place    | Note
-------+----------+-------------------------------------------
     0 | D:1      | PentaManta the Minotaur Monk began the quest for the Orb.
     0 | D:1      | Reached XP level 1. HP: 19/19 MP: 0/0
   233 | D:1      | Reached skill level 4 in Axes
   440 | D:1      | Reached XP level 2. HP: 26/26 MP: 1/1
   972 | D:1      | Reached skill level 5 in Axes
  1170 | D:2      | Found an iron altar of Okawaru.
  1252 | D:2      | Reached XP level 3. HP: 31/31 MP: 2/2
  1278 | D:2      | Found a snail-covered altar of Cheibriados.
  1278 | D:2      | Found an ornate altar of the Wu Jian Council.
  1279 | D:2      | Found a radiant altar of Vehumet.
  1321 | D:2      | Found a sacrificial altar of Ru.
  2403 | D:3      | Noticed Terence
  2703 | D:3      | Killed Terence
  2703 | D:3      | Reached skill level 6 in Axes
  2703 | D:3      | Reached XP level 4. HP: 32/39 MP: 3/3
  3774 | D:4      | Found a sand-covered staircase.
  3787 | Ossuary  | Entered an ossuary
  3836 | Ossuary  | Identified a scroll of acquirement
  3836 | Ossuary  | Acquired a +2 pair of boots of running
  3856 | Ossuary  | Reached skill level 7 in Axes
  3856 | Ossuary  | Reached XP level 5. HP: 32/45 MP: 4/4
  3886 | Ossuary  | Reached skill level 8 in Axes
  3886 | Ossuary  | Reached XP level 6. HP: 34/51 MP: 5/5
  3931 | Ossuary  | Reached skill level 1 in Armour
  4033 | Ossuary  | Reached XP level 7. HP: 32/60 MP: 6/6
  4483 | D:5      | Entered Level 5 of the Dungeon
  4776 | D:4      | Reached skill level 5 in Fighting
  4998 | D:5      | Reached skill level 5 in Dodging
  5058 | D:5      | Reached XP level 8. HP: 40/70 MP: 7/7
  5774 | D:6      | Reached skill level 9 in Axes
  5774 | D:6      | Reached skill level 1 in Shields
  5905 | D:6      | Reached skill level 5 in Armour
  6413 | D:6      | Noticed Blork the orc
  6422 | D:6      | Killed Blork the orc
  6955 | D:7      | Reached XP level 9. HP: 78/78 MP: 8/8
  7114 | D:7      | Found a staircase to the Ecumenical Temple.
  7127 | Temple   | Entered the Ecumenical Temple
  7217 | Temple   | Became a worshipper of Nemelex Xobeh the Trickster
  7217 | Temple   | Received a gift from Nemelex Xobeh
  7217 | Temple   | Received a gift from Nemelex Xobeh
  7217 | Temple   | Reached * piety under Nemelex Xobeh
  7217 | Temple   | Received a gift from Nemelex Xobeh
  7217 | Temple   | Received a gift from Nemelex Xobeh
  7217 | Temple   | Reached ** piety under Nemelex Xobeh
  7347 | D:7      | Noticed Duvessa
  7348 | D:7      | Noticed Dowan
  7362 | D:7      | Killed Duvessa
  7362 | D:7      | Reached skill level 5 in Shields
  7371 | D:7      | Killed Dowan
  7395 | D:7      | Got a jewelled quarterstaff
  7402 | D:7      | Identified the +4 quarterstaff of the Eternal Void {vorpal,
                  | *Contam *Corrode +Blink rF+++} (You found it on level 7 of
                  | the Dungeon)
  7410 | D:7      | Gained mutation: You are clumsy. (Dex -2) [mutagenic glow]
  7726 | D:7      | Found Xoclisinn's Jewellery Emporium.
  8027 | D:8      | Found a glowing silver altar of Zin.
  8032 | D:8      | Received a gift from Nemelex Xobeh
  8091 | D:8      | Reached skill level 10 in Axes
  8126 | D:8      | Noticed a two-headed ogre
  8127 | D:8      | Noticed a moth of wrath
  8127 | D:8      | a two-headed ogre changed into a moth of wrath
  8137 | D:8      | Killed a moth of wrath
  8390 | D:8      | Reached XP level 10. HP: 38/88 MP: 9/9
  8729 | D:8      | Received a gift from Nemelex Xobeh
  9172 | D:9      | Reached *** piety under Nemelex Xobeh
  9268 | D:9      | Received a gift from Nemelex Xobeh
 10097 | D:10     | Entered Level 10 of the Dungeon
 10128 | D:10     | Reached **** piety under Nemelex Xobeh
 10385 | D:10     | Found an opulent altar of Gozag.
 10390 | D:10     | Received a gift from Nemelex Xobeh
 10395 | D:10     | Got a jewelled shortbow
 11073 | D:10     | Found a staircase to the Orcish Mines.
 11150 | D:10     | Received a gift from Nemelex Xobeh
 11215 | D:10     | Found Etzeicw's Jewellery Boutique.
 11268 | D:11     | Reached skill level 11 in Axes
 11294 | D:11     | Found Leockubb's Pet Rocks.
 11294 | D:11     | Noticed a gargoyle
 11294 | D:11     | Noticed a gargoyle
 11294 | D:11     | Noticed a gargoyle
 11420 | D:10     | Killed a gargoyle
 11541 | D:10     | Killed a gargoyle
 11541 | D:10     | Reached XP level 11. HP: 97/97 MP: 10/10
 11562 | D:10     | Mangled by an earth elemental

Illustrated notes

Levels and vault maps discovered:
D:1:      tarquinn_simple_flora_water_a, layout_loops_corners,
          minmay_misc_feat_chi
D:2:      layout_basic, nicolae_overflow_quartered_altars, marbit_many_paths
D:3:      layout_loops_ring, lemuel_flame_loot_1, uniq_terence
D:4:      layout_loops_ring, enter_ossuary_1
D:5:      layout_rooms
D:6:      layout_layer_cave, uniq_blork_the_orc
D:7:      hangedman_cross_stitches, layout_cave_pools, serial_shops,
          shop_statue, uniq_duvessa
D:8:      layout_basic, basic_altar
D:9:      layout_stronghold
D:10:     layout_roguey, david_orc_4, serial_shops, kennysheep_mini_moat,
          basic_altar
D:11:     layout_rooms, due_lair_maze_entry_diamond,
          portal_ice_cave_entry_ice_beasts, nrook_mini_vaults,
          guppyfry_shop_earth
Temple:   minmay_crystal_spiral_temple

Skill      XL: |  1  2  3  4  5  6  7  8  9 10 |
---------------+-------------------------------+-----
Axes           | 4 5 6 7 8 9 10 11 | 11.1
Armour         | 2 4 5 6 8 |  8.1
Fighting       | 4 5 6 7 9 |  9.1
Dodging        | 4 5 6 7 8 |  8.2
Shields        | 4 7 9 |  9.8
Stealth        | |  1.5

Action                   |  1- 3 |  4- 6 |  7- 9 | 10-12 || total
-------------------------+-------+-------+-------+-------++-------
Melee: Dagger            |    89 |       |     7 |     4 ||   100
       Headbutt          |    23 |    52 |   123 |    58 ||   256
       Hand axe          |    12 |   138 |   406 |    65 ||   621
       War axe           |       |       |       |   155 ||   155
Invok: Draw Destruction  |       |       |     2 |     3 ||     5
       Draw Escape       |       |       |       |     2 ||     2
  Use: Scroll            |       |    10 |     2 |     3 ||    15
 Stab: Sleeping          |     5 |       |       |       ||     5
Armor: Robe              |     9 |       |       |       ||     9
       Leather armour    |     1 |       |       |       ||     1
       Scale mail        |       |    70 |   168 |    92 ||   330
Dodge: Dodged            |    67 |    38 |   238 |   153 ||   496
Block: Buckler           |       |       |    81 |    75 ||   156
       Tower shield      |       |       |       |    35 ||    35

Table legend: (Time is in decaauts)
 A = Elapsed time spent in this place.
 B = Non-inter-level travel time spent in this place.
 C = Inter-level travel time spent in this place.
 D = Time resting spent in this place.
 E = Time spent auto-exploring this place.
 F = Levels seen in this place.
 G = Mean time per level.
                   A        B        C        D        E       F      G
               +--------+--------+--------+--------+--------+-----+--------+
         Total |  11047 |  10398 |    649 |   1557 |   6682 |  13 |  849.8 |
       Dungeon |  10441 |   9865 |    576 |   1359 |   6569 |  11 |  949.2 |
        Temple |    155 |     83 |     72 |      0 |     75 |   1 |  155.0 |
       Ossuary |    450 |    450 |      0 |    198 |     37 |   1 |  450.0 |
               +--------+--------+--------+--------+--------+-----+--------+

Top non-repeatable levels by time:
    D:10: 1361 daAuts
     D:3: 1329 daAuts
     D:2: 1261 daAuts
     D:8: 1080 daAuts
     D:6: 1029 daAuts
     D:1: 1013 daAuts
     D:5: 985 daAuts
     D:9: 939 daAuts
     D:7: 787 daAuts
     D:4: 599 daAuts
 Ossuary: 450 daAuts
  Temple: 155 daAuts
    D:11: 54 daAuts
